Description

From the end of the build go into colussus and extended thermal lance, showtime goes up to 4 colussus but i'd stay at 3, and transition into templar and storm once viking's start coming out.

VOD

https://www.youtube.com/watch?v=iV2Cub3ePUI

Build Order

Get SALT Encoding   

  14  0:18  Pylon  
  15  0:30  Assimilator  
  16  0:42  Gateway  
  20  1:22  Nexus  
  20  1:31  Cybernetics Core  
  21  1:40  Assimilator  
  22  1:50  Pylon  
  25  2:07  Stalker (Chrono Boost)  
  25  2:06  Warp Gate  
  29  2:26  Sentry  
  30  2:32  Twilight Council  
  35  2:48  Stalker  Scout with hallucinated pheonix at this time
  35  2:55  Gateway  Wall off natural with this gate; Should be 2nd gate overall
  37  3:01  Gateway  
  37  3:09  Blink (Chrono Boost)  
  39  3:22  Pylon  
  42  3:34  Shield Battery  Also at Natural incase of any early pressure
  45  3:56  Pylon  At third base location
  51  4:08  Nexus  Use this timing for practice purposes. Should be able to get a 3rd nexus by 4 minutes and 8 seconds into the game with blink otw, 3 gates and a handful of units
  52  4:18  Robotics Facility  
  53  4:28  Assimilator  Around this time expect drops either in main or natural.@430 or so.
  55  4:30  Stalker x3  
  59  4:38  Pylon  
  60  4:42  Charge  
  60  4:47  Pylon  
  63  5:01  Forge  
  63  5:03  Gateway  
  66  5:10  Stalker  
  67  5:11  Observer  Only chrono if banshees or something invisible is attacking you.
  74  5:22  Stalker x2  
  77  5:29  Observer  
  78  5:38  Gateway  
  81  5:42  Protoss Ground Weapons Level 1  
  82  5:48  Pylon  
  83  5:52  Gateway  
  84  5:56  Gateway  
  84  5:58  Gateway  
  86  6:02  Robotics Bay, Assimilator  
  86  6:09  Shield Battery  @ 3rd
  86  6:12  Pylon x2  
  92  6:14  Zealot x4  
Spawning Tool Build Advisor. Get it on Overwolf

Go to:

Details

  • Created by: l3g10nn
  • Published on: Jun 10, 2025
  • Modified on: Jun 10, 2025
  • Patch: 5.0.11
  • Difficulty: Medium
Show
View Real Time Build Order
Export as new Build Order

Comments (0)

There are no comments. Be the first!

Create an account to comment!